 Dungeon Crawl Stone Soup version 0.28-a0-268-g3f656e82c2 (webtiles) character file.

Game seed: 15785471564224089653

5 jasper the Magician (level 1, -1/13 HPs)
             Began as a Demonspawn Hedge Wizard on Aug 28, 2021.
             Slain by a quokka (3 damage)
             ... on level 1 of the Dungeon.
             The game lasted 00:00:57 (150 turns).

jasper the Magician (Demonspawn Hedge Wizard)        Turns: 150, Time: 00:00:58

Health: -1/13      AC:  2    Str: 10    XL:     1   Next: 66%
Magic:  1/4        EV: 12    Int: 15    God:
Gold:   0          SH:  0    Dex: 12    Spells: 5/6 levels left

rFire   . . .      SeeInvis .   a - +0 dagger
rCold   . . .      Faith    .   (no shield)
rNeg    . . .      Spirit   .   b - +0 robe
rPois   .          Reflect  .   c - +0 hat
rElec   .          Harm     .   (no cloak)
rCorr   .          Rampage  .   (no gloves)
Will    .....                   (no boots)
Stlth   ++........              (no amulet)
HPRegen 0.04/turn               (no ring)
MPRegen 0.09/turn               (no ring)

@: weak-willed
A: no striking features
a: no special abilities


You were on level 1 of the Dungeon.
You visited 1 branch of the dungeon, and saw 1 of its levels.

Inventory:

Hand Weapons
 a - a +0 dagger (weapon)
 e - a +0 hunting sling
Armour
 b - a +0 robe (worn)
 c - a +0 hat (worn)
Potions
 d - a potion of haste {unknown}


   Skills:
 - Level 1.7 Dodging
 - Level 1.7 Stealth
 + Level 3.3 Spellcasting
 - Level 1.0 Conjurations
 - Level 1.0 Summonings
 - Level 0.8 Translocations


You had 5 spell levels left.
You knew the following spells:

 Your Spells              Type           Power      Damage    Failure   Level
a - Magic Dart            Conj           20%        1d4       13%         1

Your spell library contained the following spells:

 Spells                   Type           Power      Damage    Failure   Level
 Call Imp                 Summ           5%         N/A       19%         2
 Blink                    Tloc           N/A        N/A       21%         2
 Slow                     Hex            2%         N/A       28%         2
 Conjure Flame            Conj/Fire      4%         6-21      43%         3
 Mephitic Cloud           Conj/Pois/Air  3%         N/A       45%         3


Dungeon Overview and Level Annotations

Branches:
Dungeon (1/15)

Altars:


Message History

The hobgoblin barely misses you.
You hit the hobgoblin.
You kill the hobgoblin!
The kobold throws a stone.
The stone hits you.
You take 1 damage, and have 12/13 hp.
A dart slug comes into view.
The kobold throws a stone.
The stone hits you but does no damage.
A jackal comes into view.
The dart slug launches a dart at you. The slug dart hits you.
You take 1 damage, and have 11/13 hp.
A jackal comes into view.
The jackal barks!
The kobold throws a stone.
The stone hits you. The dart slug launches a dart at you.
The slug dart misses you.
You take 1 damage, and have 10/13 hp.
The jackal barks!
A quokka comes into view.
The jackal misses you. The jackal barely misses you.
The jackal closely misses you.
You closely miss the jackal. The jackal closely misses you.
The kobold throws a stone.
The stone hits you but does no damage. The jackal closely misses you.
The dart slug launches a dart at you. The slug dart hits you.
You take 1 damage, and have 9/13 hp.
Found a stone staircase leading down.
The jackal barely misses you.
The jackal bites you but does no damage.
The jackal bites you.
You take 2 damage, and have 7/13 hp.
The jackal bites you. The jackal barely misses you.
You take 3 damage, and have 4/13 hp.
MASSIVE DAMAGE!!
The jackal bites you but does no damage.
As you read the scroll labelled JUDALE NOEGGYJOENE, it crumbles to dust.
Magic quickly surges around you.
It was a scroll of vulnerability.
The jackal bites you. x2
* * * LOW HITPOINT WARNING * * *
The quokka bites you.
You die...

..# ....##.##............
..# . #..#.....w......
..##########†#............
..#..........####.........
<.............# #.........
..............###.........
..#............##.........
..#.............hhK.......
###.............@r........
#.......................
###########.....#......#
.......#......#
....###..#......# ....
..>.......# ... ##.# .....
#+ ..


You could see a dart slug, a quokka (weak-willed), 2 jackals and a kobold
(weak-willed).

Vanquished Creatures
  A goblin (D:1)
  A hobgoblin (D:1)
  A jackal (D:1)
  A bat (D:1)
  A kobold (D:1)
5 creatures vanquished.

Notes
Turn   | Place    | Note
-------+----------+-------------------------------------------
     0 | D:1      | jasper the Demonspawn Hedge Wizard began the quest for the
                  | Orb.
     0 | D:1      | Reached XP level 1. HP: 13/13 MP: 4/4
   150 | D:1      | Slain by a quokka

Illustrated notes

Levels and vault maps discovered:
D:1:      wander_arrival_lonely_grave, layout_basic, minmay_misc_feat_room

Action                   || total
-------------------------++-------
Melee: Dagger            ||     4
 Cast: Magic Dart        ||    11
  Use: Scroll            ||     1
Armor: Robe              ||     5
Dodge: Dodged            ||    14

Table legend: (Time is in decaauts)
 A = Elapsed time spent in this place.
 B = Non-inter-level travel time spent in this place.
 C = Inter-level travel time spent in this place.
 D = Time resting spent in this place.
 E = Time spent auto-exploring this place.
 F = Levels seen in this place.
 G = Mean time per level.
                   A        B        C        D        E       F      G
               +--------+--------+--------+--------+--------+-----+--------+
         Total |    150 |    150 |      0 |     35 |     24 |   1 |  150.0 |
       Dungeon |    150 |    150 |      0 |     35 |     24 |   1 |  150.0 |
               +--------+--------+--------+--------+--------+-----+--------+

Top non-repeatable levels by time:
     D:1: 150 daAuts
